 Dungeon Crawl Stone Soup version 0.13.2 (webtiles) character file.

2969 Johnny the Frost Mage (level 9, 0/72 HPs)
             Began as a Mottled Draconian Ice Elementalist on Sept 26, 2021.
             Was a Believer of Sif Muna.
             Splashed by a brown ugly thing's acid (9 damage)
             ... on Level 8 of the Dungeon.
             The game lasted 00:14:30 (6575 turns).

Johnny the Frost Mage (DrIE)                        Turns: 6575, Time: 00:14:30

HP   0/72        AC  8     Str 10      XL: 9   Next: 40%
MP   5/22        EV 12     Int 21      God: Sif Muna [**....]
Gold 230         SH  0     Dex 12      Spells:  2 memorised, 16 levels left

Res.Fire  : . . .   See Invis. : .   P - +1,+2 flail (drain)
Res.Cold  : + . .   Warding    : .   (armour unavailable)
Life Prot.: . . .   Conserve   : .   (no shield)
Res.Poison: .       Res.Corr.  : .   (helmet restricted)
Res.Elec. : .       Clarity    : .   v - -1 cloak
Sust.Abil.: . .     Spirit.Shd : .   G - +0 pair of gauntlets
Res.Mut.  : .       Stasis     : .   (no boots)
Res.Rott. : .       Flight     : .   (no amulet)
Saprovore : . . .                    R - ring of protection from cold
                                     B - +2 ring of intelligence

@: short of breath, very slightly contaminated, slightly resistant to hostile
enchantments, unstealthy
A: breathe sticky flames, unfitting armour, AC +7
a: Breathe Sticky Flame, Channel Energy, Forget Spell, Renounce Religion


You were on level 8 of the Dungeon.
You worshipped Sif Muna.
Sif Muna was pleased with you.
You were not hungry.

You visited 2 branches of the dungeon, and saw 9 of its levels.

You collected 280 gold pieces.
You spent 70 gold pieces at shops.

Inventory:

Hand weapons
 P - a +1,+2 flail of draining (weapon)
Missiles
 y - a throwing net [frayed] (quivered)
Armour
 v - a -1 cloak (worn)
 G - a +0 pair of gauntlets (worn)
Magical devices
 F - a wand of cold (0)
 N - a wand of magic darts (11)
 O - a wand of confusion (7)
 S - a wand of confusion (11)
Comestibles
 c - 4 bread rations
 f - 6 meat rations
 t - 9 grapes
Scrolls
 d - 2 scrolls of identify
 j - 8 scrolls of remove curse
 k - 2 scrolls of teleportation {unknown}
 m - a scroll of magic mapping {unknown}
 n - 3 scrolls of recharging
 o - 2 scrolls of enchant weapon II
 z - a scroll of amnesia {unknown}
 C - a scroll of fog {unknown}
 D - a scroll of fear {unknown}
 E - a scroll of silence {unknown}
 H - a scroll of enchant armour {unknown}
 L - 2 scrolls of blinking {unknown}
 M - a scroll of immolation {unknown}
Jewellery
 w - an uncursed ring of protection from fire {unknown}
 B - a +2 ring of intelligence (left hand)
 R - a ring of protection from cold (right hand)
Potions
 a - 5 potions of curing
 e - a potion of resistance
 g - 2 potions of speed
 h - a potion of slowing {unknown}
 l - 2 potions of might {unknown}
 p - a potion of mutation {unknown}
 q - a potion of agility {unknown}
 r - a potion of brilliance {unknown}
 x - a potion of magic {unknown}
 A - 2 potions of confusion {unknown}
 I - a potion of degeneration {unknown}
 J - a potion of heal wounds {unknown}
 Q - a potion of restore abilities
Books
 b - a book of Frost

   Spells                             Type                      Level
   *Freeze                            Ice                          1
   Throw Frost                        Conjuration/Ice              2
   Ozocubu's Armour                   Charms/Ice                   3
   *Throw Icicle                      Conjuration/Ice              4
   Summon Ice Beast                   Ice/Summoning                4
   Condensation Shield                Ice                          4
 s - a book of Changes

   Spells                             Type                      Level
   Beastly Appendage                  Transmutation                1
   Sticks to Snakes                   Transmutation                2
   Spider Form                        Transmutation/Poison         3
   Ice Form                           Ice/Transmutation            4
   Blade Hands                        Transmutation                5


   Skills:
 + Level 8.1 Fighting
 - Level 1.7 Dodging
 - Level 1.7 Stealth
 + Level 6.8 Spellcasting
 - Level 1.0 Conjurations
 + Level 8.2 Ice Magic


You had 16 spell levels left.
You knew the following spells:

 Your Spells              Type           Power        Failure   Level  Hunger
a - Freeze                Ice            ####         1%          1    None
b - Throw Icicle          Conj/Ice       ####....     17%         4    ###....


Dungeon Overview and Level Annotations

Branches:
Dungeon (8/27)             Temple (1/1) D:6
    Orc: D:6-11        Lair: D:8-13

Altars:
Cheibriados
Elyvilon
Fedhas
Makhleb
Nemelex Xobeh
Okawaru
Sif Muna
Trog
Vehumet
Xom
Yredelemnul
Zin
the Shining One

Shops:
D:5 =   D:7 !


Message History

Aim: a brown ugly thing (grey smoke, lightly wounded)
You spit a glob of burning liquid.
The splash of liquid fire misses the brown ugly thing.
You feel somewhat more hungry. The brown ugly thing gores you!
You are splashed with acid!
The acid corrodes your +0 cloak!
The acid burns!
The brown ugly thing gores you.
You are splashed with acid!
The acid burns!
* * * LOW HITPOINT WARNING * * *
You have got your breath back.
Use which ability? (? or * to list)
Press: ? - help, Shift-Dir - straight line, f/p - brown ugly thing
Aim: a brown ugly thing You spit a glob of burning liquid.
The splash of liquid fire hits the brown ugly thing.
The brown ugly thing is lightly wounded.
The brown ugly thing is covered in liquid flames!
You feel somewhat more hungry.
The brown ugly thing burns!
The brown ugly thing gores you!
* * * LOW HITPOINT WARNING * * *
You are splashed with acid!
The acid burns!
You die...

### #.# ##### ##.#
...).. ..# #......
#.# #...... #.###.
#......######...#....
#.......u.......+....
####+##@#######.#...
.##.# #.#..# .
..#.#######.#?.# ...
#.#.).......#..#....
#.###.......#.......
#.#.........'.#
#...........#[#
#...........#.#
#.....<.....#.#


You could see a brown ugly thing (burning).

Vanquished Creatures
  The ghost of Cassim the Skirmisher, an experienced HuSu of Okawaru (D:7)
  Grinder (D:5)
  2 ugly things (D:8)
  Edmund (D:6)
  Menkaure (D:5)
  A necrophage (D:7)
  2 phantoms
  A centaur (D:7)
  Eustachio (D:7)
  4 giant frogs
  A black bear (D:7)
  A water moccasin (D:7)
  An ogre (D:7)
  A crimson imp (D:7)
  An orc priest (D:7)
  Crazy Yiuf (D:3)
  A black bear skeleton (D:5)
  A giant frog skeleton (D:6)
  A scorpion (D:4)
  3 hounds (D:7)
  An iron imp (D:7)
  2 orc wizards
  An iguana (D:7)
  3 worker ants
  An ogre skeleton (D:7)
  A hound zombie (D:6)
  4 gnolls (D:4)
  4 adders
  2 worms
  3 giant geckos
  11 orcs
  3 ball pythons
  9 bats
  2 giant cockroaches
  11 goblins
  12 hobgoblins
  3 jackals (D:7)
  5 quokkas
  9 giant newts
  A goblin zombie (D:5)
  13 kobolds
  14 rats
  A fungus (D:3)
143 creatures vanquished.

Notes
Turn   | Place    | Note
--------------------------------------------------------------
     0 | D:1      | Johnny, the Draconian Ice Elementalist, began the quest for the Orb.
     0 | D:1      | Reached XP level 1. HP: 14/14 MP: 3/3
   165 | D:1      | Reached skill level 1 in Fighting
   178 | D:1      | Reached XP level 2. HP: 10/20 MP: 0/4
   735 | D:1      | Reached XP level 3. HP: 19/26 MP: 6/6
  1149 | D:2      | Found a sparkling altar of Nemelex Xobeh.
  1549 | D:3      | Reached XP level 4. HP: 15/34 MP: 2/8
  2386 | D:3      | Noticed Crazy Yiuf
  2409 | D:3      | Killed Crazy Yiuf
  2409 | D:3      | Reached skill level 4 in Ice Magic
  2560 | D:4      | Reached XP level 5. HP: 34/39 MP: 2/10
  3321 | D:5      | Entered Level 5 of the Dungeon
  3341 | D:5      | Reached XP level 6. HP: 36/47 MP: 3/12
  3444 | D:5      | Noticed Grinder
  3496 | D:5      | Killed Grinder
  3496 | D:5      | Reached skill level 5 in Ice Magic
  3496 | D:5      | Your scales start taking on a weird mottled pattern.
  3496 | D:5      | Reached XP level 7. HP: 40/53 MP: 9/15
  3749 | D:5      | Noticed Menkaure
  3795 | D:5      | Killed Menkaure
  3868 | D:5      | Found Giaf's Jewellery Shop.
  4341 | D:6      | Reached skill level 5 in Fighting
  4452 | D:6      | Found a staircase to the Ecumenical Temple.
  4473 | Temple   | Entered the Ecumenical Temple
  4491 | Temple   | Became a worshipper of Sif Muna the Loreminder
  4507 | D:6      | Reached skill level 6 in Ice Magic
  4643 | D:6      | Noticed Edmund
  4656 | D:6      | Killed Edmund
  4656 | D:6      | Reached XP level 8. HP: 40/62 MP: 10/18
  4846 | D:7      | Reached skill level 5 in Spellcasting
  5199 | D:7      | Noticed Cassim's ghost (experienced HuSu)
  5443 | D:7      | Acquired Sif Muna's first power
  5509 | D:7      | Learned a level 4 spell: Throw Icicle
  5584 | D:7      | Found Hemo's Distillery.
  5593 | D:7      | Bought a potion of curing for 28 gold pieces
  5593 | D:7      | Bought a potion of restore abilities for 42 gold pieces
  5628 | D:7      | Reached skill level 7 in Ice Magic
  5749 | D:7      | Killed Cassim's ghost
  5749 | D:7      | Reached XP level 9. HP: 56/71 MP: 1/22
  6135 | D:7      | Acquired Sif Muna's second power
  6149 | D:7      | Noticed Eustachio
  6160 | D:7      | Killed Eustachio
  6168 | D:7      | HP: 3/71 [quasit[Eustachio] (1)]
  6535 | D:8      | Reached skill level 8 in Ice Magic
  6575 | D:8      | Splashed by a brown ugly thing's acid

Action                   |  1- 3 |  4- 6 |  7- 9 || total
-------------------------+-------+-------+-------++-------
Melee: Unarmed           |    58 |       |       ||    58
       Dagger            |   100 |    54 |       ||   154
       Quarterstaff      |       |    46 |    47 ||    93
       Flail             |       |       |   158 ||   158
Throw: Dagger            |       |     4 |       ||     4
       Throwing net      |       |       |     1 ||     1
 Cast: Freeze            |    30 |    48 |    17 ||    95
       Throw Icicle      |       |       |    10 ||    10
Invok: Channel Energy    |       |       |     1 ||     1
 Abil: Breathe Sticky Fl |       |       |     7 ||     7
Evoke: Wand              |       |       |    10 ||    10
  Use: Scroll            |       |     3 |     2 ||     5
       Potion            |       |     2 |     1 ||     3
 Stab: Sleeping          |       |     2 |       ||     2
       Paralysed         |       |     2 |       ||     2
       Petrifying        |       |       |     1 ||     1
